 Dungeon Crawl Stone Soup version 0.30-a0-760-g5a9884bb7c (webtiles) character file.

Game seed: 16888542548984735395

14501 jasper the Destroyer (level 11, -11/81 HPs)
             Began as a Demonspawn Conjurer on Feb 5, 2023.
             Was a Priest of Vehumet.
             Mangled by a komodo dragon (20 damage)
             ... on level 2 of the Lair of Beasts on Feb 10, 2023.
             The game lasted 00:36:26 (15222 turns).

jasper the Destroyer (Demonspawn Conjurer)         Turns: 15222, Time: 00:36:27

Health: -11/81     AC:  8    Str:  8    XL:     11   Next: 89%
Magic:  0/24       EV: 16    Int: 30    God:    Vehumet [***...]
Gold:   717        SH:  5    Dex: 12    Spells: 2/28 levels left

rFire   . . .      SeeInvis .    Q - +4 eveningstar (drain)
rCold   . . .      Faith    .    r - +0 buckler
rNeg    + . .      Spirit   .    K - +1 leather armour of the Old World {Harm *Slow rN+ Int+3}
rPois   .          Reflect  .    (helmet unavailable)
rElec   .          Harm     +    x - +2 cloak {rCorr}
rCorr   +          Rampage  .    D - +0 pair of gloves
Will    .....                    (no boots)
Stlth   ++                       (no amulet)
HPRegen 0.33/turn                B - ring of wizardry
MPRegen 0.19/turn                f - +5 ring of evasion

@: no status effects
A: horns 3, demonic guardian 1, big brain 2
a: Renounce Religion


You were on level 2 of the Lair of Beasts.
You worshipped Vehumet.
Vehumet was most pleased with you.
You visited 3 branches of the dungeon, and saw 14 of its levels.

You collected 717 gold pieces.

Inventory:

Hand Weapons
 n - a +0 dagger
 w - a +3 quarterstaff of chaos
 Q - a +4 eveningstar of draining (weapon)
Missiles
 e - 62 stones
 P - 4 javelins
Armour
 a - a +0 robe
 r - a +0 buckler (worn)
 x - a +2 cloak of preservation (worn)
 D - a +0 pair of gloves (worn)
 I - a +0 troll leather armour
 K - the +1 leather armour of the Old World (worn) {Harm *Slow rN+ Int+3}
   (You found it on level 10 of the Dungeon)

   Int:       It affects your intelligence (+3).
   rN:        It protects you from negative energy.
   *Slow:     It may slow you when you take damage.
   Harm:      It increases damage dealt and taken.
Jewellery
 b - a ring of positive energy
 c - a ring of positive energy
 f - a +5 ring of evasion (right hand)
 k - a ring of protection from cold
 A - a ring of protection from fire
 B - a ring of wizardry (left hand)
 G - a ring of willpower
Wands
 t - a wand of flame (15)
 y - a wand of charming (4)
 L - a wand of quicksilver (4)
 O - a wand of mindburst (8)
Scrolls
 d - a scroll of immolation
 l - a scroll of magic mapping
 u - 2 scrolls of summoning
 H - 2 scrolls of poison
 J - a scroll of teleportation
Potions
 g - a potion of brilliance
 h - a potion of ambrosia
 i - a potion of haste
 j - 7 potions of curing
 m - a potion of resistance
 o - 2 potions of might
 p - a potion of flight
 q - a potion of invisibility
 s - 2 potions of heal wounds
 v - 3 potions of magic
 z - a potion of attraction
 C - 4 potions of mutation
 E - a potion of cancellation {unknown}
 N - a potion of berserk rage


   Skills:
 - Level 6.2 Fighting
 - Level 1.7 Dodging
 - Level 1.7 Stealth
 - Level 4.0 Shields
 + Level 9.4 Spellcasting
 - Level 10.0 Conjurations
 - Level 5.1 Necromancy
 * Level 9.8 Fire Magic


You had 2 spell levels left.
You knew the following spells:

 Your Spells              Type           Power      Damage    Failure   Level
a - Sticky Flame          Conj/Fire      65%        2d8       1%          4
b - Passwall              Tmut/Erth      11%        N/A       4%          2
c - Swiftness             Air            14%        N/A       9%          3
d - Mephitic Cloud        Conj/Pois/Air  34%        N/A       1%          3
e - Vampiric Draining     Necr           45%        2d9       1%          3
f - Iskenderun's Mystic   Conj/Tloc      44%        2d10      1%          4
g - Flame Wave            Conj/Fire      65%        2d15      1%          4
h - Ignite Poison         Fire/Tmut/Pois 33%        N/A       1%          3

Your spell library contained the following spells:

 Spells                   Type           Power      Damage    Failure   Level
 Freeze                   Ice            56%        1d7       1%          1
 Magic Dart               Conj           100%       1d8       1%          1
 Necrotise                Necr           100%       1d9       1%          1
 Searing Ray              Conj           100%       2d8       1%          2
 Ensorcelled Hibernation  Hex/Ice        28%        N/A       4%          2
 Dazzling Flash           Conj/Hex       88%        N/A       1%          3
 Inner Flame              Hex/Fire       43%        N/A       1%          3
 Fulminant Prism          Conj/Hex       22%        3d12      1%          4
 Animate Dead             Necr           45%        N/A       3%          4
 Agony                    Necr           45%        N/A       10%         5
 Summon Lightning Spire   Summ/Air       14%        N/A       26%         4
 Borgnjor's Vile Clutch   Necr/Erth      14%        N/A       26%         5
 Death Channel            Necr           22%        N/A       45%         6
 Ignition                 Fire           32%        3d10      56%         8
 Summon Horrible Things   Summ           7%         N/A       100%        8


Dungeon Overview and Level Annotations

Branches:
Dungeon (11/15)            Temple (1/1) D:5            Lair (2/5) D:10
    Orc (0/2) D:9
  Swamp: Lair:2-3    Shoals: Lair:2-3     Snake: Lair:2-3    Spider: Lair:2-3

Altars:
Qazlal
Trog
Vehumet

Shops:
D:2 (

Portals:
Trove: D:10 (give +5 demon blade)

Annotations:
D:3 Pikel
D:7 exclusion: hornet
D:11 Erolcha


Innate Abilities, Weirdness & Mutations

You have a pair of large horns on your head.
A weak demonic guardian rushes to your aid.
You have an extremely huge brain. (Int +4)


Message History

Casting: Flame Wave (safe; 1% risk of failure)
Confirm with . or Enter, or press ? or * to list all spells.
Aiming: Mephitic Cloud (safe; 1% risk of failure)
Press: ? - help, Shift-Dir - straight line, f - komodo dragon
Aim: a komodo dragon (chance to affect: 62%)
The ball explodes into a vile cloud!
The stinking cloud engulfs the komodo dragon but does no damage.
The komodo dragon is engulfed in noxious fumes.
The komodo dragon appears confused.
You now have 7/24 mp.
Casting: Mephitic Cloud (safe; 1% risk of failure)
Confirm with . or Enter, or press ? or * to list all spells.
You can't see any susceptible monsters within range! (Use Z to cast anyway.)
Casting: Mephitic Cloud (safe; 1% risk of failure)
Confirm with . or Enter, or press ? or * to list all spells.
You can't see any susceptible monsters within range! (Use Z to cast anyway.)
Casting: Mephitic Cloud (safe; 1% risk of failure)
Confirm with . or Enter, or press ? or * to list all spells.
You ignite the poison in your surroundings!
The komodo dragon is engulfed in blazing flames.
You now have 4/24 mp.
Casting: Ignite Poison (safe; 1% risk of failure)
Confirm with . or Enter, or press ? or * to list all spells.
Casting: Flame Wave (safe; 1% risk of failure)
Press: ? - help, Dir - look around, f - activate A wave of flame ripples out!
The flame wave engulfs the komodo dragon!
The komodo dragon is severely wounded. (Press . to intensify the flame waves.)
You now have 1/24 mp.
A wave of flame ripples out!
The flame wave engulfs the komodo dragon but does no damage.
The komodo dragon is severely wounded.
The komodo dragon bites you!!
* * * LOW HITPOINT WARNING * * *
A demonic guardian appears!
You take 36 damage, and have 8/81 hp.
MASSIVE DAMAGE!!
You now have 0/24 mp.
Without enough magic to sustain them, the waves of flame dissipate.
The komodo dragon seems less confused.
The komodo dragon bites you!
You die...

#........
#...............P
##................
#................#
#................#
#................
#............#..#
#@..°○.!.†.......
##.l.°....(†......
#..5..°........†.P
##...............#
#................#
##................
##................
#P................
##................


You could see a komodo dragon (ally target) and a friendly white imp (summoned).

Vanquished Creatures
  A two-headed ogre (D:11)
  Urug (Lair:1)
  Nergalle (Lair:1)
  A deep elf pyromancer (D:9)
  A cyclops (D:11)
  A cane toad (Lair:2)
  An unseen horror (D:8)
  4 komodo dragons
  Prince Ribbit (D:8)
  A troll (D:10)
  13 blink frogs (Lair:2)
  A shadow (D:11)
  2 wyverns
  A wraith (D:10)
  9 yaks
  A basilisk (Lair:2)
  2 vampire mosquitoes (D:11)
  A steam dragon (D:9)
  3 water moccasins
  An acid dragon (D:10)
  4 orc warriors
  A black bear (D:8)
  3 ice beasts
  5 centaurs
  4 wolves (Lair:1)
  2 ogres
  3 lemures
  A phantom (D:3)
  A kobold brigand (D:7)
  A necrophage (D:4)
  6 scorpions
  8 bullfrogs
  5 wights
  11 howler monkeys
  3 jellies
  A quasit (D:3)
  5 hounds
  5 orc priests
  11 orc wizards
  3 iguanas
  10 gnolls
  9 adders
  5 shadow imps
  8 white imps (D:4)
  3 ufetubi
  3 worms
  8 dart slugs
  39 orcs
  6 ball pythons
  7 bats
  10 endoplasms
  5 giant cockroaches
  6 goblins
  7 hobgoblins
  2 jackals (D:3)
  3 quokkas
  14 frilled lizards
  12 kobolds
  3 rats
290 creatures vanquished.

Vanquished Creatures (collateral kills)
  A water moccasin (D:5)
  A lemure (D:4)
  A bullfrog (D:9)
  A wight (D:8)
  Crazy Yiuf (D:4)
5 creatures vanquished.

Vanquished Creatures (others)
  A bullfrog (D:8)
  A demonic plant (D:4)
  12 fulminant prisms
  18 fungi
  40 plants
72 creatures vanquished.

Grand Total: 367 creatures vanquished

Notes
Turn   | Place    | Note
-------+----------+-------------------------------------------
     0 | D:1      | jasper the Demonspawn Conjurer began the quest for the Orb.
     0 | D:1      | Reached XP level 1. HP: 13/13 MP: 3/3
   483 | D:1      | Gained mutation: You have an unusually large brain. (Int
                  | +2) [demonic ancestry]
   483 | D:1      | Reached XP level 2. HP: 19/19 MP: 0/5
   553 | D:1      | Learned a level 2 spell: Searing Ray
   553 | D:1      | Found a faded altar of an unknown god.
   980 | D:1      | Reached skill level 5 in Conjurations
  1019 | D:1      | Reached XP level 3. HP: 24/24 MP: 3/6
  1023 | D:1      | Learned a level 3 spell: Dazzling Flash
  2149 | D:2      | Found Bieh's Weapon Boutique.
  2183 | D:2      | Gained mutation: You have a pair of small horns on your
                  | head. [demonic ancestry]
  2183 | D:2      | Reached XP level 4. HP: 21/30 MP: 2/7
  2242 | D:1      | Reached skill level 6 in Conjurations
  2833 | D:3      | Got the Precepts of Patterns
  3073 | D:3      | Gained mutation: A weak demonic guardian rushes to your
                  | aid. [demonic ancestry]
  3073 | D:3      | Reached XP level 5. HP: 33/35 MP: 5/8
  3907 | D:4      | Noticed a lemure
  3908 | D:4      | Noticed Pikel
  3938 | D:4      | Noticed a phantom
  3981 | D:4      | Noticed a lemure
  3984 | D:4      | Noticed a lemure
  3985 | D:4      | Noticed a lemure
  4030 | D:3      | Killed a lemure
  4035 | D:3      | Reached skill level 7 in Conjurations
  4143 | D:4      | Noticed an ogre
  4182 | D:3      | Killed an ogre
  4183 | D:3      | Gained mutation: You have a pair of horns on your head.
                  | [demonic ancestry]
  4183 | D:3      | Reached XP level 6. HP: 41/41 MP: 0/10
  4801 | D:4      | Learned a level 4 spell: Fulminant Prism
  5126 | D:4      | Reached skill level 1 in Shields
  5126 | D:4      | Gained mutation: You have a pair of large horns on your
                  | head. [demonic ancestry]
  5126 | D:4      | Reached XP level 7. HP: 47/47 MP: 8/13
  5444 | D:4      | Reached skill level 1 in Fighting
  5551 | D:4      | Found a runed translucent door.
  5552 | D:4      | Noticed Crazy Yiuf
  6091 | D:4      | Killed Crazy Yiuf
  6170 | D:5      | Entered Level 5 of the Dungeon
  6605 | D:5      | Reached XP level 8. HP: 57/57 MP: 3/15
  7348 | D:5      | Learned a level 3 spell: Vampiric Draining
  7402 | D:5      | Found a staircase to the Ecumenical Temple.
  7488 | Temple   | Entered the Ecumenical Temple
  7520 | Temple   | Became a worshipper of Vehumet
  7602 | D:5      | Reached skill level 5 in Spellcasting
  7602 | D:5      | Reached skill level 8 in Conjurations
  8345 | D:6      | You fall into a shaft and drop 3 floors!
  8359 | D:8      | Reached skill level 5 in Necromancy
  8458 | D:7      | Noticed a hornet
  8759 | D:6      | Reached XP level 9. HP: 64/64 MP: 10/16
  8764 | D:6      | Learned a level 4 spell: Iskenderun's Mystic Blast
 10338 | D:8      | Reached skill level 9 in Conjurations
 10553 | D:8      | Learned a level 4 spell: Flame Wave
 10746 | D:8      | Reached skill level 1 in Fire Magic
 10747 | D:8      | Reached * piety under Vehumet
 10747 | D:8      | Offered knowledge of Shock by Vehumet.
 10748 | D:8      | Killed an unseen horror
 10951 | D:8      | Gained mutation: You have an extremely huge brain. (Int +4)
                  | [demonic ancestry]
 10951 | D:8      | Reached XP level 10. HP: 71/71 MP: 0/20
 11103 | D:8      | Reached skill level 5 in Fire Magic
 11175 | D:8      | Noticed Prince Ribbit
 11190 | D:8      | Killed Prince Ribbit
 11200 | D:8      | Noticed a two-headed ogre
 11658 | D:9      | Reached ** piety under Vehumet
 11658 | D:9      | Offered knowledge of Poisonous Vapours by Vehumet.
 11668 | D:9      | Noticed a deep elf pyromancer
 11691 | D:10     | Entered Level 10 of the Dungeon
 11833 | D:10     | Reached skill level 5 in Fighting
 12076 | D:9      | Found a staircase to the Orcish Mines.
 12275 | D:9      | Killed a deep elf pyromancer
 12522 | D:10     | Upgraded the game from 0.30-a0-743-gbfdf073431 to
                  | 0.30-a0-760-g5a9884bb7c
 12671 | D:10     | Found a staircase to the Lair.
 12677 | D:10     | Learned a level 4 spell: Sticky Flame
 12798 | D:10     | Found a portal to a secret trove of treasure.
 12966 | D:10     | Identified the +1 leather armour of the Old World {Harm
                  | *Slow rN+ Int+3}
 13132 | D:11     | Learned a level 3 spell: Swiftness
 13158 | D:11     | Learned a level 2 spell: Passwall
 13448 | D:11     | Noticed a cyclops
 13463 | D:11     | Killed a cyclops
 13837 | D:11     | Reached XP level 11. HP: 80/81 MP: 15/22
 13851 | D:11     | Noticed a two-headed ogre
 13860 | D:11     | Noticed Erolcha
 13866 | D:11     | Killed a two-headed ogre
 13965 | Lair:1   | Entered Level 1 of the Lair of Beasts
 14003 | Lair:1   | Reached skill level 10 in Conjurations
 14005 | Lair:1   | Noticed Urug
 14022 | Lair:1   | Killed Urug
 14310 | Lair:1   | Offered knowledge of Mephitic Cloud by Vehumet.
 14317 | Lair:1   | Learned a level 3 spell: Mephitic Cloud
 14318 | Lair:1   | Noticed Nergalle
 14321 | Lair:1   | Learned a level 3 spell: Ignite Poison
 14327 | Lair:1   | Killed Nergalle
 14843 | Lair:1   | Reached *** piety under Vehumet
 15222 | Lair:2   | Mangled by a komodo dragon

Illustrated notes

Levels and vault maps discovered:
D:1:      nzn_arrival_settlement, layout_loops_ring,
          dreamdust_ecumenical_altar_grove, roderic_lattice_a,
          serial_bayou_crossing
D:2:      layout_basic, serial_shops, nicolae_shop_bloodbath_and_beyond,
          minmay_lizard_king
D:3:      kennysheep_slugbush, layout_loops_ring
D:4:      minmay_door_path, layout_cave_pools, serial_demonic, serial_demonic_g,
          serial_demonic_b, serial_demonic_c, serial_demonic_a,
          serial_demonic_a, serial_demonic_d, serial_demonic_a,
          cheibrodos_gnoll_hut, uniq_crazy_yiuf_cottage, uniq_pikel
D:5:      layout_loops_ring, lemuel_temple_firewalk_b,
          minmay_misc_feat_secret_circle, moated_statue, palyth_stone_intersect
D:6:      layout_basic
D:7:      layout_cave_pools
D:8:      minmay_four_partial_circles, layout_basic,
          mainiacjoe_overflow_divided_tiny, kennysheep_generic_room_11,
          uniq_prince_ribbit1, uniq_amaemon
D:9:      layout_basic, orc_0_dummy
D:10:     layout_loops_cross, grunt_lair_entry_orc_guard_hut, serial_glass,
          glass_columns_c, glass_columns_a, enter_trove_1, nicolae_wwwww
D:11:     layout_loops_ring, kennysheep_just_a_vault, uniq_erolcha
Temple:   nicolae_temple_slightly_damp_pantheon
Lair:1:   layout_layer_cave, serial_bayou_shore_a, uniq_urug, uniq_nergalle
Lair:2:   layout_long_grid, uniq_gastronok

Skill      XL: |  1  2  3  4  5  6  7  8  9 10 11 |
---------------+----------------------------------+-----
Conjurations   | 5 6 7 8 9 10 | 10.0
Spellcasting   | 3 4 5 7 9 |  9.4
Shields        | 1 3 4 |  4.0
Fighting       | 2 3 4 6 |  6.2
Necromancy     | 5 |  5.1
Fire Magic     | 4 6 9 |  9.8
Dodging        | |  1.7
Stealth        | |  1.7

Action                     |  1- 3 |  4- 6 |  7- 9 | 10-12 || total
---------------------------+-------+-------+-------+-------++-------
  Melee: Unarmed           |    19 |       |       |       ||    19
         Dagger            |     3 |    43 |    44 |    49 ||   139
         Headbutt          |       |     3 |     6 |     7 ||    16
         Quarterstaff      |       |       |     8 |       ||     8
         Eveningstar       |       |       |       |     5 ||     5
  Throw: Stone             |     3 |       |       |       ||     3
   Cast: Magic Dart        |    82 |    80 |   137 |       ||   299
         Searing Ray       |     5 |    32 |    34 |    18 ||    89
         Flame Wave        |       |       |    10 |    41 ||    51
         Vampiric Draining |       |       |     6 |     4 ||    10
         Iskenderun's Myst |       |       |     6 |       ||     6
         Fulminant Prism   |       |       |     3 |     9 ||    12
         Sticky Flame      |       |       |       |     2 ||     2
         Mephitic Cloud    |       |       |       |     4 ||     4
         Ignite Poison     |       |       |       |     4 ||     4
  Evoke: Wand              |       |       |     4 |     7 ||    11
    Use: Potion            |     2 |     4 |     1 |       ||     7
         Scroll            |       |    10 |     7 |    11 ||    28
   Stab: Sleeping          |       |       |     1 |       ||     1
 Armour: Robe              |    14 |    20 |    43 |    21 ||    98
         Leather armour    |       |       |       |    14 ||    14
  Dodge: Dodged            |    45 |    91 |   128 |   145 ||   409
  Block: Buckler           |       |       |    31 |    36 ||    67

Table legend: (Time is in decaauts)
 A = Elapsed time spent in this place.
 B = Non-inter-level travel time spent in this place.
 C = Inter-level travel time spent in this place.
 D = Time resting spent in this place.
 E = Time spent auto-exploring this place.
 F = Levels seen in this place.
 G = Mean time per level.
                   A        B        C        D        E       F      G
               +--------+--------+--------+--------+--------+-----+--------+
         Total |  15269 |  14655 |    614 |   1919 |  10526 |  14 | 1090.6 |
       Dungeon |  13950 |  13370 |    580 |   1503 |   9890 |  11 | 1268.2 |
        Temple |     51 |     33 |     18 |      0 |     21 |   1 |   51.0 |
          Lair |   1267 |   1252 |     15 |    416 |    615 |   2 |  633.5 |
               +--------+--------+--------+--------+--------+-----+--------+

Top non-repeatable levels by time:
     D:3: 2202 daAuts
     D:4: 1726 daAuts
     D:5: 1652 daAuts
     D:1: 1550 daAuts
     D:6: 1230 daAuts
  Lair:1: 1086 daAuts
     D:7: 1049 daAuts
     D:9: 988 daAuts
     D:2: 976 daAuts
    D:10: 927 daAuts
    D:11: 847 daAuts
     D:8: 799 daAuts
  Lair:2: 180 daAuts
  Temple: 51 daAuts
